 Dungeon Sprint DCSS version 0.29.1-12-g30fa7ad0bf (webtiles) character file.

Game seed: 17413562082682080562

1300000 sanboga the Fanfare of Bloodshed (level 13, -30/96 HPs)
             Began as a Demonspawn Venom Mage on Dec 18, 2022.
             Was a Believer of Makhleb.
             Annihilated by a meat berserker
             ... wielding a +9 battleaxe
              (62 damage)
             ... in the Dungeon (Sprint VIII: "Arena of Blood").
             The game lasted 00:00:50 (13 turns).

sanboga the Fanfare of Bloodshed (DsVM)               Turns: 13, Time: 00:00:51

Health: -30/96     AC:  2    Str:  9    XL:     13   Next: 40%
Magic:  3/23       EV: 16    Int: 18    God:    Makhleb [**....]
Gold:   0          SH:  6    Dex: 17    Spells: 24/25 levels left

rFire   . . .      SeeInvis .   h - +∞ Axe of Woe
rCold   . . .      Faith    .   (shield currently unavailable)
rNeg    . . .      Spirit   .   a - +0 robe
rPois   .          Reflect  .   (no helmet)
rElec   .          Harm     .   (no cloak)
rCorr   .          Rampage  .   (no gloves)
Will    .....      NoTele   +   (no boots)
Stlth   ++++......              (no amulet)
HPRegen 0.26/turn               (no ring)
MPRegen 0.18/turn               (no ring)

@: no status effects
A: hooves 2, large bone plates 2, ignite blood 2
a: Renounce Religion, Minor Destruction


You were in the Dungeon.
You worshipped Makhleb.
Makhleb was pleased with you.
You visited 1 branch

Inventory:

Hand Weapons
 h - the +∞ Axe of Woe (weapon)
   (You found it in the Dungeon)
Armour
 a - a +0 robe (worn)
Scrolls
 g - a scroll of blinking
Potions
 b - 3 potions of magic
 c - a potion of curing
 d - a potion of heal wounds
 e - a potion of haste
 f - a potion of berserk rage


   Skills:
 + Level 7.0 Fighting
 + Level 6.7(7.9) Short Blades
 + Level 6.4(7.7) Long Blades
 + Level 7.0(9.2) Axes
 + Level 6.2(8.8) Maces & Flails
 + Level 6.4(9.0) Polearms
 + Level 6.3(8.7) Staves
 + Level 7.0 Ranged Weapons
 + Level 6.4 Throwing
 + Level 6.5 Armour
 + Level 7.1 Dodging
 + Level 7.2 Stealth
 + Level 6.4 Shields
 + Level 6.3 Unarmed Combat
 + Level 6.8 Spellcasting
 + Level 7.0 Conjurations
 + Level 7.0 Hexes
 + Level 7.1 Summonings
 + Level 7.8 Necromancy
 + Level 6.6 Translocations
 + Level 6.4 Transmutations
 + Level 6.3 Fire Magic
 + Level 6.2 Ice Magic
 + Level 6.3 Air Magic
 + Level 6.5 Earth Magic
 + Level 7.5 Poison Magic
 + Level 9.4 Invocations
 + Level 7.6 Evocations


You had 24 spell levels left.
You knew the following spells:

 Your Spells              Type           Power      Damage    Failure   Level
a - Sting                 Tmut/Pois      100%       1d8       1%          1

Your spell library contained the following spells:

 Spells                   Type           Power      Damage    Failure   Level
 Poisonous Vapours        Pois/Air       62%        N/A       1%          2
 Mephitic Cloud           Conj/Pois/Air  31%        N/A       1%          3
 Olgreb's Toxic Radiance  Pois           33%        N/A       4%          4


Dungeon Overview and Level Annotations

Branches:
Dungeon (1/1)

Altars:
Makhleb


Innate Abilities, Weirdness & Mutations

You have hoof-like feet.
You are mostly covered in large bone plates. (SH +6)
Your demonic aura often causes spilled blood to erupt in flames.


Message History

Your Transmutations skill gained 2 levels and is now at level 6!
Your Fire Magic skill gained 2 levels and is now at level 6!
Your Ice Magic skill gained 2 levels and is now at level 6!
Your Air Magic skill gained 2 levels and is now at level 6!
Your Earth Magic skill gained 2 levels and is now at level 6!
Your Poison Magic skill gained 2 levels and is now at level 7!
Your Invocations skill gained 3 levels and is now at level 9!
Your Evocations skill gained 2 levels and is now at level 7!
You have reached level 11!
Your demonic ancestry asserts itself...
Large bone plates grow over parts of your arms.
You have reached level 12!
You feel clever.
Your demonic ancestry asserts itself...
Large bone plates spread over more of your arms.
You have reached level 13!
A meat berserker comes into view. It is wielding a +9 battleaxe.
You hear a shout! x7
A bag of meat comes into view. It is wielding a +9 war axe.
You hear a shout! x3
The bag of meat hits you with a +9 war axe!!!
* * * LOW HITPOINT WARNING * * *
You hear a shout! x5; The bag of meat shouts!
Things that are here:
a +9 war axe; a +30 ring of slaying The bag of meat shouts!
The large bag of meat shouts in stereo!
You slice the bag of meat!!
You fatally mangle the bag of meat.
You kill the bag of meat!
Makhleb accepts your kill.
You can now harness Makhleb's destructive might.
You feel better.
You slash the bag of meat!
You hew the bag of meat savagely.
You kill the bag of meat!
Makhleb accepts your kill.
You hear a shout! x6
The meat berserker rages.
You hear a shout! x3
A bag of meat comes into view. It is wielding a +9 war axe. x2
You hear a shout!
The meat berserker hits you with a +9 battleaxe!!!
Ouch! That really hurt!
You die...

........###......
#........_......
......#.....# .
.....o#_.<._# ..
......#.....#...
#........_......
.....O..###..O...
...###).○§...###.
.. #.☼@.§..#
#O○O§...#
.............
...............
................
..............##
..O.#........#..
.oo.o........#.o


You could see a large bag of meat (inner flame), 4 meat berserkers and 5 bags of
meat.

Vanquished Creatures
  An ogre (D)
  5 orcs (D)
6 creatures vanquished.

Notes
Turn   | Place    | Note
-------+----------+-------------------------------------------
     0 | D        | Found the +∞ Axe of Woe
     0 | D        | sanboga the Demonspawn Venom Mage began the quest for the
                  | Orb.
     0 | D        | Reached XP level 1. HP: 13/13 MP: 3/3
     2 | D        | Noticed a bag of meat
     4 | D        | Became a worshipper of Makhleb the Destroyer
     5 | D        | Noticed a bag of meat
     7 | D        | Noticed a bag of meat
     7 | D        | Noticed a bag of meat
     8 | D        | Noticed a meat berserker
     8 | D        | Noticed a bag of meat
     8 | D        | Noticed a bag of meat
    10 | D        | Killed a bag of meat
    10 | D        | Noticed a meat berserker
    11 | D        | Reached skill level 5 in Axes
    11 | D        | Reached skill level 5 in Ranged Weapons
    11 | D        | Reached skill level 5 in Dodging
    11 | D        | Reached skill level 5 in Stealth
    11 | D        | Reached skill level 5 in Necromancy
    11 | D        | Reached skill level 5 in Poison Magic
    11 | D        | Reached skill level 6 in Invocations
    11 | D        | Reached skill level 5 in Evocations
    11 | D        | Gained mutation: Your demonic aura sometimes causes spilled
                  | blood to erupt in flames. [demonic ancestry]
    11 | D        | Reached XP level 2. HP: 14/26 MP: 3/7
    11 | D        | Reached XP level 3. HP: 17/31 MP: 3/9
    11 | D        | Gained mutation: You have large cloven feet. [demonic
                  | ancestry]
    11 | D        | Reached XP level 4. HP: 21/38 MP: 3/10
    11 | D        | Gained mutation: You have hoof-like feet. [demonic
                  | ancestry]
    11 | D        | Reached XP level 5. HP: 24/43 MP: 3/12
    11 | D        | Reached XP level 6. HP: 28/49 MP: 3/13
    11 | D        | Reached XP level 7. HP: 31/55 MP: 3/14
    11 | D        | Reached XP level 8. HP: 34/61 MP: 3/15
    11 | D        | Reached XP level 9. HP: 37/66 MP: 3/16
    11 | D        | Gained mutation: Your demonic aura often causes spilled
                  | blood to erupt in flames. [demonic ancestry]
    11 | D        | Reached XP level 10. HP: 41/73 MP: 3/17
    11 | D        | Noticed a meat berserker
    11 | D        | Noticed a bag of meat
    11 | D        | Killed a meat berserker
    11 | D        | Reached * piety under Makhleb
    11 | D        | Killed a bag of meat
    11 | D        | Killed a bag of meat
    11 | D        | Noticed a meat berserker
    11 | D        | Noticed a large bag of meat
    11 | D        | Noticed a bag of meat
    12 | D        | Reached skill level 9 in Invocations
    12 | D        | Gained mutation: You are partially covered in large bone
                  | plates. (SH +4) [demonic ancestry]
    12 | D        | Reached XP level 11. HP: 48/84 MP: 3/21
    12 | D        | Gained mutation: You are mostly covered in large bone
                  | plates. (SH +6) [demonic ancestry]
    12 | D        | Reached XP level 12. HP: 52/91 MP: 3/22
    12 | D        | Reached XP level 13. HP: 55/96 MP: 3/23
    12 | D        | Noticed a meat berserker
    12 | D        | Noticed a bag of meat
    13 | D        | Killed a bag of meat
    13 | D        | Reached ** piety under Makhleb
    13 | D        | Killed a bag of meat
    13 | D        | Noticed a bag of meat
    13 | D        | Noticed a bag of meat
    13 | D        | Annihilated by a meat berserker

Illustrated notes

Levels and vault maps discovered:
D:        meatsprint

Skill      XL: |  1  2  3  4  5  6  7  8  9 10 |
---------------+-------------------------------+-----
Fighting       | 4 7 |  7.0
Short Blades   | 4 6 |  6.7
Long Blades    | 4 6 |  6.4
Axes           | 5 7 |  7.0
Maces & Flails | 4 6 |  6.2
Polearms       | 4 6 |  6.4
Staves         | 4 6 |  6.3
Ranged Weapons | 5 7 |  7.0
Throwing       | 4 6 |  6.4
Armour         | 4 6 |  6.5
Dodging        | 5 7 |  7.1
Stealth        | 5 7 |  7.2
Shields        | 4 6 |  6.4
Unarmed Combat | 4 6 |  6.3
Spellcasting   | 4 6 |  6.8
Conjurations   | 4 7 |  7.0
Hexes          | 4 7 |  7.0
Summonings     | 4 7 |  7.1
Necromancy     | 5 7 |  7.8
Translocations | 4 6 |  6.6
Transmutations | 4 6 |  6.4
Fire Magic     | 4 6 |  6.3
Ice Magic      | 4 6 |  6.2
Air Magic      | 4 6 |  6.3
Earth Magic    | 4 6 |  6.5
Poison Magic   | 5 7 |  7.5
Invocations    | 6 9 |  9.4
Evocations     | 5 7 |  7.6

Action                   |  1- 3 |  4- 6 |  7- 9 | 10-12 | 13-15 || total
-------------------------+-------+-------+-------+-------+-------++-------
Melee: Executioner's axe |     1 |       |       |     1 |     1 ||     3
